NWL
TRI-CITY DUST DEVILS @ ATLANTA (SS-A) BRAVES
08/26/2099
 
TOP OF THE 1ST
Tri-City Dust Devils batting - Pitching for Atlanta (SS-A) Braves : RHP Chris Pulling
Pitching: RHP Chris Pulling
Batting: SHB Tony Rosas 0-0: Called Strike
0-1: Ball
1-1: Ball
2-1: Swinging Strike
2-2: Ball
3-2: Ground out 4-3 (Groundball, 4M, EV 88.8 MPH)
Batting: RHB Adam Weber 0-0: Ball
1-0: Ground out 6-3 (Groundball, 6, EV 103.1 MPH)
Batting: RHB Tim Trejo 0-0: Called Strike
0-1: Ball
1-1: Ball
2-1: Foul Ball, location: 2F
2-2: Ball
3-2: SINGLE (Line Drive, 34, EV 95.6 MPH)
Batting: RHB Ben Hernandez 0-0: Ball
1-0: Foul Ball, location: 9LMF
1-1: Foul Ball, location: 25F
1-2: Ball
2-2: Strikes out swinging
Top of the 1st over - 0 runs, 1 hit, 0 errors, 1 left on base; Tri-City 0 - Atlanta (SS-A) 0
BOTTOM OF THE 1ST
Atlanta (SS-A) Braves batting - Pitching for Tri-City Dust Devils : LHP Santiago Paniagua
Pitching: LHP Santiago Paniagua
Batting: RHB C.J. Sprecher 0-0: Called Strike
0-1: Ball
1-1: Ground out 6-3 (Groundball, 56, EV 82.5 MPH)
Batting: RHB Ryan Harrison 0-0: Called Strike
0-1: Ball
1-1: Ball
2-1: Foul Ball, location: 2F
2-2: Foul Ball, location: 2F
2-2: Strikes out looking
Batting: RHB Jonathon Sealey 0-0: Ball
1-0: Foul Ball, location: 2F
1-1: Fly out, F8 (Flyball, 8LD, EV 101.3 MPH)
Bottom of the 1st over - 0 runs, 0 hits, 0 errors, 0 left on base; Tri-City 0 - Atlanta (SS-A) 0
TOP OF THE 2ND
Tri-City Dust Devils batting - Pitching for Atlanta (SS-A) Braves : RHP Chris Pulling
Batting: RHB Jan Nelson 0-0: Ground out 6-3 (Groundball, 56, EV 108.1 MPH)
Batting: RHB Edwin Manzanares 0-0: Ball
1-0: Ball
2-0: Called Strike
2-1: Swinging Strike
2-2: Foul Ball, location: 23F
2-2: Foul Ball, location: 2F
2-2: Foul Ball, location: 25FF
2-2: Foul Ball, location: 23F
2-2: Foul Ball, location: 2F
2-2: Foul Ball, location: 5FF
2-2: Foul Ball, location: 3F
2-2: Ball
3-2: Strikes out swinging
Batting: RHB Andy Oleksy 0-0: Called Strike
0-1: Swinging Strike
0-2: Ground out 4-3 (Groundball, 4, EV 104.4 MPH)
Top of the 2nd over - 0 runs, 0 hits, 0 errors, 0 left on base; Tri-City 0 - Atlanta (SS-A) 0
BOTTOM OF THE 2ND
Atlanta (SS-A) Braves batting - Pitching for Tri-City Dust Devils : LHP Santiago Paniagua
Batting: LHB William Roberts 0-0: Fly out, F8 (Flyball, 8LD, EV 104.4 MPH)
Batting: RHB Miguel de la Garza 0-0: DOUBLE (Groundball, 5L, EV 96.9 MPH)
Batting: RHB Dave Dopke 0-0: Called Strike
0-1: Ball
1-1: Foul Ball, location: 23F
1-2: Strikes out looking
Batting: SHB Alex Cabrera 0-0: Foul Ball, location: 2F
0-1: Ball
1-1: Swinging Strike
1-2: Strikes out looking
Bottom of the 2nd over - 0 runs, 1 hit, 0 errors, 1 left on base; Tri-City 0 - Atlanta (SS-A) 0
TOP OF THE 3RD
Tri-City Dust Devils batting - Pitching for Atlanta (SS-A) Braves : RHP Chris Pulling
Batting: RHB Whip Vanbuskirk 0-0: Ball
1-0: Swinging Strike
1-1: Foul Ball, location: 2F
1-2: Foul Ball, location: 3F
1-2: Strikes out looking
Batting: RHB Jim Unknown 0-0: Foul Ball, location: 2LF
0-1: Ball
1-1: Called Strike
1-2: Foul Ball, location: 9LMF
1-2: Foul Ball, location: 2F
1-2: Ball
2-2: Ball
3-2: Strikes out swinging
Batting: SHB Tony Rosas 0-0: Ball
1-0: Foul Ball, location: 3F
1-1: Swinging Strike
1-2: Strikes out swinging
Top of the 3rd over - 0 runs, 0 hits, 0 errors, 0 left on base; Tri-City 0 - Atlanta (SS-A) 0
BOTTOM OF THE 3RD
Atlanta (SS-A) Braves batting - Pitching for Tri-City Dust Devils : LHP Santiago Paniagua
Batting: LHB Robby Bracamonte 0-0: Ball
1-0: Ball
2-0: Ball
3-0: Called Strike
3-1: Foul Ball, location: 7LDF
3-2: Fly out, F7 (Flyball, 7, EV 86.9 MPH)
Batting: RHB Nelson Ceja 0-0: DOUBLE (Line Drive, 78D, EV 108.1 MPH)
Batting: RHB C.J. Sprecher 0-0: Called Strike
0-1: Foul Ball, location: 9LDF
0-2: Strikes out swinging
Batting: RHB Ryan Harrison 0-0: Ball
1-0: SINGLE (Line Drive, 8RS, EV 96.9 MPH)
Nelson Ceja to third
Runner from 3rd tries for Home, SAFE, throw by CF to home
Ryan Harrison to second
Batting: RHB Jonathon Sealey 0-0: Ball
1-0: Called Strike
1-1: Ball
2-1: Ball
3-1: Base on Balls
Batting: LHB William Roberts 0-0: Swinging Strike
0-1: Ball
1-1: Ball
2-1: Ball
3-1: Foul Ball, location: 9LDF
3-2: Foul Ball, location: 2F
3-2: SINGLE (Groundball, 6MD, EV 97.5 MPH)
Ryan Harrison to third
Jonathon Sealey to second
Ryan Harrison scores
Jonathon Sealey to third
Batting: RHB Miguel de la Garza 0-0: Ball
1-0: Foul Ball, location: 5FF
1-1: Swinging Strike
1-2: Ball
2-2: SINGLE (Line Drive, 6MD, EV 96.9 MPH)
Jonathon Sealey scores
William Roberts to second
Batting: RHB Dave Dopke 0-0: Ground out 4-3 (Groundball, 4, EV 91.9 MPH)
Bottom of the 3rd over - 3 runs, 4 hits, 0 errors, 2 left on base; Tri-City 0 - Atlanta (SS-A) 3
TOP OF THE 4TH
Tri-City Dust Devils batting - Pitching for Atlanta (SS-A) Braves : RHP Chris Pulling
Batting: RHB Adam Weber 0-0: Ball
1-0: Foul Ball, location: 2F
1-1: Ball
2-1: Foul Ball, location: 9LMF
2-2: Strikes out swinging
Batting: RHB Tim Trejo 0-0: Called Strike
0-1: Fly out, F9 (Line Drive, 9S, EV 91.3 MPH)
Batting: RHB Ben Hernandez 0-0: Called Strike
0-1: Ball
1-1: Ball
2-1: Foul Ball, location: 5F
2-2: Foul Ball, location: 3SF
2-2: TRIPLE (Flyball, 9D, EV 100.6 MPH)
Batting: RHB Jan Nelson 0-0: SINGLE (Line Drive, 7LS, EV 105.6 MPH)
Ben Hernandez scores
Batting: RHB Edwin Manzanares 0-0: Ball
1-0: Ball
2-0: Ball
3-0: Called Strike
3-1: Base on Balls
Jan Nelson to second
Batting: RHB Andy Oleksy 0-0: Ball
1-0: Called Strike
1-1: Foul Ball, location: 5F
1-2: Ball
2-2: Foul Ball, location: 3DF
2-2: Foul Ball, location: 5SF
2-2: SINGLE (Line Drive, 9S, EV 104.4 MPH)
Jan Nelson to third
Edwin Manzanares to second
Runner from 3rd tries for Home, SAFE, throw by RF to home
Batting: RHB Whip Vanbuskirk 0-0: Swinging Strike
0-1: Swinging Strike
0-2: Ball
1-2: Foul Ball, location: 9LSF
1-2: Foul Ball, location: 9LSF
1-2: Strikes out looking
Top of the 4th over - 2 runs, 3 hits, 0 errors, 2 left on base; Tri-City 2 - Atlanta (SS-A) 3
BOTTOM OF THE 4TH
Atlanta (SS-A) Braves batting - Pitching for Tri-City Dust Devils : LHP Santiago Paniagua
Batting: SHB Alex Cabrera 0-0: Ball
1-0: Ball
2-0: Foul Ball, location: 3SF
2-1: Ball
3-1: Base on Balls
Batting: LHB Robby Bracamonte 0-0: Called Strike
0-1: Ball
1-1: Foul Ball, location: 9LMF
1-2: Ball
2-2: Ball
3-2: Grounds into double play, 4-6-3 (Groundball, 4, EV 96.9 MPH)
Batting: RHB Nelson Ceja 0-0: SOLO HOME RUN (Flyball, 7D, EV 93.8 MPH), Distance : 370 ft
Batting: RHB C.J. Sprecher 0-0: Ball
1-0: Ground out 5-3 (Groundball, 56, EV 76.9 MPH)
Bottom of the 4th over - 1 run, 1 hit, 0 errors, 0 left on base; Tri-City 2 - Atlanta (SS-A) 4
TOP OF THE 5TH
Tri-City Dust Devils batting - Pitching for Atlanta (SS-A) Braves : RHP Chris Pulling
Pitching: LHP Robert Rangel
Batting: RHB Jim Unknown 0-0: Ball
1-0: Ball
2-0: Foul Ball, location: 23F
2-1: Called Strike
2-2: Ball
3-2: Strikes out swinging
Batting: SHB Tony Rosas 0-0: Ball
1-0: Ball
2-0: Called Strike
2-1: Fly out, F3 (Popup, 3, EV 75.0 MPH)
Batting: RHB Adam Weber 0-0: Ball
1-0: Foul Ball, location: 9LMF
1-1: Foul Ball, location: 2F
1-2: Ball
2-2: Ball
3-2: Fly out, F9 (Flyball, 89M, EV 95.6 MPH)
Top of the 5th over - 0 runs, 0 hits, 0 errors, 0 left on base; Tri-City 2 - Atlanta (SS-A) 4
BOTTOM OF THE 5TH
Atlanta (SS-A) Braves batting - Pitching for Tri-City Dust Devils : LHP Santiago Paniagua
Batting: RHB Ryan Harrison 0-0: Called Strike
0-1: Fly out, F8 (Line Drive, 8LM, EV 103.1 MPH)
Batting: RHB Jonathon Sealey 0-0: Swinging Strike
0-1: Called Strike
0-2: Strikes out swinging
Batting: LHB William Roberts 0-0: Ball
1-0: Ball
2-0: Foul Ball, location: 2F
2-1: Called Strike
2-2: Foul Ball, location: 3FF
2-2: Strikes out swinging
Bottom of the 5th over - 0 runs, 0 hits, 0 errors, 0 left on base; Tri-City 2 - Atlanta (SS-A) 4
TOP OF THE 6TH
Tri-City Dust Devils batting - Pitching for Atlanta (SS-A) Braves : LHP Robert Rangel
Batting: RHB Tim Trejo 0-0: Called Strike
0-1: Ball
1-1: Swinging Strike
1-2: Ball
2-2: Foul Ball, location: 3F
2-2: Ball
3-2: Strikes out swinging
Batting: RHB Ben Hernandez 0-0: Foul Ball, location: 5FF
0-1: Swinging Strike
0-2: Fly out, F6 (Popup, 6MD, EV 53.8 MPH)
Batting: RHB Jan Nelson 0-0: Foul Ball, location: 3FF
0-1: Ball
1-1: Called Strike
1-2: Ball
2-2: SINGLE (Line Drive, 89S, EV 86.9 MPH)
Batting: RHB Edwin Manzanares 0-0: Swinging Strike
0-1: Ball
1-1: Ball
2-1: Fly out, F9 (Flyball, 89D, EV 93.8 MPH)
Top of the 6th over - 0 runs, 1 hit, 0 errors, 1 left on base; Tri-City 2 - Atlanta (SS-A) 4
BOTTOM OF THE 6TH
Atlanta (SS-A) Braves batting - Pitching for Tri-City Dust Devils : LHP Santiago Paniagua
Batting: RHB Miguel de la Garza 0-0: Called Strike
0-1: Foul Ball, location: 9LMF
0-2: Ball
1-2: Ball
2-2: Ball
3-2: Ground out 4-3 (Groundball, 4, EV 83.1 MPH)
Pitching: RHP Chris Schneider
Batting: RHB Dave Dopke 0-0: Called Strike
0-1: Ball
1-1: Ball
2-1: Called Strike
2-2: Foul Ball, location: 7LMF
2-2: Foul Ball, location: 9LDF
2-2: Strikes out swinging
Batting: SHB Alex Cabrera 0-0: Called Strike
0-1: Swinging Strike
0-2: Foul Ball, location: 23F
0-2: Ball
1-2: Strikes out looking
Bottom of the 6th over - 0 runs, 0 hits, 0 errors, 0 left on base; Tri-City 2 - Atlanta (SS-A) 4
TOP OF THE 7TH
Tri-City Dust Devils batting - Pitching for Atlanta (SS-A) Braves : LHP Robert Rangel
Pitching: RHP Danny Lalama
Batting: RHB Andy Oleksy 0-0: Ball
1-0: Ground out 6-3 (Groundball, 4MS, EV 88.1 MPH)
Batting: RHB Whip Vanbuskirk 0-0: Ball
1-0: Ball
2-0: Called Strike
2-1: Foul Ball, location: 9LMF
2-2: Strikes out looking
Batting: RHB Jim Unknown 0-0: Swinging Strike
0-1: Called Strike
0-2: Ball
1-2: Strikes out swinging, 2-3 out at first.
Top of the 7th over - 0 runs, 0 hits, 0 errors, 0 left on base; Tri-City 2 - Atlanta (SS-A) 4
BOTTOM OF THE 7TH
Atlanta (SS-A) Braves batting - Pitching for Tri-City Dust Devils : RHP Chris Schneider
Batting: LHB Robby Bracamonte 0-0: Swinging Strike
0-1: Foul Ball, location: 5DF
0-2: Ball
1-2: Strikes out swinging
Batting: RHB Nelson Ceja 0-0: Called Strike
0-1: Ball
1-1: Swinging Strike
1-2: Strikes out swinging
Batting: RHB C.J. Sprecher 0-0: Swinging Strike
0-1: Ball
1-1: Swinging Strike
1-2: Strikes out swinging
Bottom of the 7th over - 0 runs, 0 hits, 0 errors, 0 left on base; Tri-City 2 - Atlanta (SS-A) 4
TOP OF THE 8TH
Tri-City Dust Devils batting - Pitching for Atlanta (SS-A) Braves : RHP Danny Lalama
Pitching: LHP Brad Reddick
Batting: SHB Tony Rosas 0-0: Called Strike
0-1: Ball
1-1: Ground out 3-1 (Groundball, 34S, EV 86.9 MPH)
Batting: RHB Adam Weber 0-0: Ball
1-0: Foul Ball, location: 23FF
1-1: Ball
2-1: Ball
3-1: Called Strike
3-2: Base on Balls
Batting: RHB Tim Trejo 0-0: Called Strike
0-1: Ball
1-1: Foul Ball, location: 2F
1-2: Foul Ball, location: 2F
1-2: Strikes out swinging
Batting: RHB Ben Hernandez 0-0: Ball
1-0: Ground out U3 (Groundball, 3L, EV 97.5 MPH)
Top of the 8th over - 0 runs, 0 hits, 0 errors, 1 left on base; Tri-City 2 - Atlanta (SS-A) 4
BOTTOM OF THE 8TH
Atlanta (SS-A) Braves batting - Pitching for Tri-City Dust Devils : RHP Chris Schneider
Pitching: RHP Terry Hampton
Batting: RHB Ryan Harrison 0-0: Ball
1-0: Foul Ball, location: 2F
1-1: Ball
2-1: Swinging Strike
2-2: Strikes out swinging
Batting: RHB Jonathon Sealey 0-0: Ball
1-0: Ball
2-0: TRIPLE (Line Drive, 7D, EV 106.9 MPH)
Batting: LHB William Roberts 0-0: Ball
1-0: Ball
2-0: Ball
3-0: Called Strike
3-1: Foul Ball, location: 5F
3-2: Fielders Choice at home, 3-2 (Groundball, 34S, EV 81.3 MPH)
Batting: RHB Miguel de la Garza 0-0: Ball
1-0: Ball
2-0: Ground out 6-3 (Groundball, 56, EV 111.3 MPH)
Bottom of the 8th over - 0 runs, 1 hit, 0 errors, 1 left on base; Tri-City 2 - Atlanta (SS-A) 4
TOP OF THE 9TH
Tri-City Dust Devils batting - Pitching for Atlanta (SS-A) Braves : LHP Brad Reddick
Now in RF: Agustin Arroyo
Batting: RHB Jan Nelson 0-0: Ball
1-0: Fly out, F8 (Flyball, 8LD, EV 93.1 MPH)
Batting: RHB Edwin Manzanares 0-0: Ball
1-0: Ground out 5-3 (Groundball, 56, EV 86.3 MPH)
Batting: RHB Andy Oleksy 0-0: Called Strike
0-1: Foul Ball, location: 5SF
0-2: Strikes out swinging
Top of the 9th over - 0 runs, 0 hits, 0 errors, 0 left on base; Tri-City 2 - Atlanta (SS-A) 4
Wednesday, May 15th , 2024 - OOTP Baseball 24.11 Build 85